 Dungeon Crawl Stone Soup version 0.30.1-9-gdf580d7c3d (webtiles) character file.

Game seed: 7741184245372150952

6743 Peloso the Carver (level 10, -4/91 HPs)
             Began as a Minotaur Fighter on Sept 29, 2023.
             Was a Priest of Okawaru.
             Slain by a tentacled starspawn (17 damage)
             ... on level 1 of the Abyss.
             The game lasted 00:11:56 (7188 turns).

Peloso the Carver (Minotaur Fighter)                Turns: 7188, Time: 00:11:58

Health: -4/91      AC: 14    Str: 21    XL:     10   Next: 75%
Magic:  9/9        EV: 10    Int:  5    God:    Okawaru [***...]
Gold:   53         SH:  6    Dex: 14    Spells: 9/9 levels left

rFire   + . .        a - +1 long sword (heavy)
rCold   . . .        c - +0 buckler
rNeg    . . .        L - +0 plate armour
rPois   .            (helmet restricted)
rElec   +            v - +0 cloak
rCorr   .            (no gloves)
SInv    .            (no boots)
Will    .....        (no amulet) Stlth
                     I - ring "Ackiciq" {rElec rF+ EV+5}
HPRegen 0.35/turn    (no ring)
MPRegen 0.11/turn

%: no passive effects
@: constricted
A: horns 2, retaliatory headbutt
a: Renounce Religion, Heroism


You were on level 1 of the Abyss.
You worshipped Okawaru.
Okawaru was most pleased with you.
You visited 2 branches of the dungeon, and saw 10 of its levels.
You visited the Abyss 1 time.

You collected 397 gold pieces.
You spent 344 gold pieces at shops.

Inventory:

Hand Weapons
 a - a +1 heavy long sword (weapon)
 b - a +1 hand axe of flaming
Missiles
 y - 2 throwing nets (quivered)
Armour
 c - a +0 buckler (worn)
 u - the +3 leather armour "Peulumui" {Regen+ Dex+3}
   (You found it on level 4 of the Dungeon)

   Dex:       It affects your dexterity (+3).
   Regen:     It increases your rate of health regeneration.
 v - a +0 cloak (worn)
 L - a +0 plate armour (worn)
Jewellery
 n - an amulet of faith
 I - the ring "Ackiciq" (left hand) {rElec rF+ EV+5}
   (You bought it in a shop on level 7 of the Dungeon)

   [ring of evasion]

   EV:        It affects your evasion (+5).
   rF:        It protects you from fire.
   rElec:     It insulates you from electricity.
Wands
 z - a wand of quicksilver (6)
Scrolls
 e - a scroll of magic mapping {unknown}
 f - 5 scrolls of enchant armour
 i - 4 scrolls of teleportation
 j - 3 scrolls of amnesia {unknown}
 k - a scroll of vulnerability {unknown}
 l - a scroll of poison {unknown}
 p - a scroll of fear {unknown}
 q - 2 scrolls of enchant weapon {unknown}
 A - a scroll of butterflies {unknown}
 B - a scroll of torment {unknown}
 C - a scroll of identify
 E - a scroll of acquirement {unknown}
 F - a scroll of silence {unknown}
 G - 3 scrolls of blinking {unknown}
 H - a scroll of immolation {unknown}
 J - a scroll of fog {unknown}
Potions
 d - 4 potions of might
 g - a potion of invisibility
 h - 2 potions of heal wounds
 m - a potion of haste
 o - 3 potions of brilliance {unknown}
 r - a potion of lignification
 s - a potion of ambrosia
 t - 4 potions of curing
 w - a potion of mutation
 x - 2 potions of flight {unknown}
 D - a potion of berserk rage {unknown}
 K - 2 potions of resistance {unknown}
 M - a potion of magic {unknown}


   Skills:
 + Level 9.2 Fighting
 + Level 13.2 Long Blades
 + Level 7.1 Armour
 + Level 6.3 Dodging
 + Level 1.8 Stealth
 + Level 8.0 Shields


You had 9 spell levels left.
You didn't know any spells.
Your spell library contained the following spells:

 Spells                   Type           Power      Damage    Failure   Level
 Magic Dart               Conj           0%         1d3       100%        1
 Slow                     Hex            0%         N/A       100%        1
 Blink                    Tloc           0%         N/A       100%        2
 Poisonous Vapours        Pois/Air       0%         N/A       100%        2
 Sublimation of Blood     Necr           0%         N/A       100%        2
 Wereblood                Tmut           0%         N/A       100%        2
 Confusing Touch          Hex            0%         N/A       100%        3
 Inner Flame              Hex/Fire       0%         N/A       100%        3
 Mephitic Cloud           Conj/Pois/Air  0%         N/A       100%        3
 Vampiric Draining        Necr           0%         2d6       100%        3
 Flame Wave               Conj/Fire      0%         2d4       100%        4
 Manifold Assault         Tloc           0%         N/A       100%        4
 Sticky Flame             Conj/Fire      0%         2d3       100%        4
 Freezing Cloud           Conj/Ice/Air   0%         6-21      100%        5
 Storm Form               Tmut/Air       0%         N/A       100%        7
 Chain Lightning          Conj/Air       0%         N/A       100%        9
 Fire Storm               Conj/Fire      0%         5d1       100%        9
 Shatter                  Erth           0%         3d5*      100%        9
 Call Imp                 Summ           Unusable   N/A       N/A         2
 Summon Hydra             Summ           Unusable   N/A       N/A         7

Dungeon Overview and Level Annotations

Branches:
Dungeon (9/15)             Temple (1/1) D:6            Lair (0/5) D:8
    Orc: D:9-12

Altars:
Ashenzari
Cheibriados
Dithmenos
Elyvilon
Fedhas
Hepliaklqana
Kikubaaqudgha
Makhleb
Nemelex Xobeh
Okawaru
Qazlal
Ru
Sif Muna
Trog
Uskayaw
Vehumet
Wu Jian
Xom
Yredelemnul
Zin
The Shining One

Shops:
D:3 (   D:7 *

Annotations:
D:9 Erolcha


Innate Abilities, Weirdness & Mutations

You have a pair of horns on your head.
You reflexively headbutt those who attack you in melee.


Message History

You slice the tentacled starspawn!! You headbutt the tentacled starspawn!
The tentacled starspawn is moderately damaged.
The tentacled starspawn closely misses you.
The tentacled starspawn tentacle-slaps you!
You hit the tentacled starspawn.
The tentacled starspawn is moderately damaged.
The tentacled starspawn bites you but does no damage.
The tentacled starspawn tentacle-slaps you but does no damage.
You hit the tentacled starspawn but do no damage.
The tentacled starspawn is moderately damaged.
The tentacled starspawn closely misses you.
You block the tentacled starspawn's attack.
You hit the tentacled starspawn but do no damage.
You headbutt the tentacled starspawn, but do no damage.
The tentacled starspawn is moderately damaged.
The tentacled starspawn closely misses you.
You furiously retaliate!
You headbutt the tentacled starspawn.
The tentacled starspawn tentacle-slaps you.
You barely miss the tentacled starspawn.
The tentacled starspawn is moderately damaged.
The tentacled starspawn bites you but does no damage.
The tentacled starspawn tentacle-slaps you!
You slice the tentacled starspawn!!
The tentacled starspawn is severely damaged.
The tentacled starspawn bites you!!
The tentacled starspawn tentacle-slaps you.
* * * LOW HITPOINT WARNING * * *
You barely miss the tentacled starspawn.
The tentacled starspawn is severely damaged.
Tentacles burst from the starspawn's body!
The tentacled starspawn closely misses you.
The tentacled starspawn misses you. 2 starspawn tentacles come into view.
You slash the tentacled starspawn! You headbutt the tentacled starspawn.
The tentacled starspawn is severely damaged.
The starspawn tentacle grabs you. The starspawn tentacle constricts you.
The tentacled starspawn bites you!
* * * LOW HITPOINT WARNING * * *
The tentacled starspawn tentacle-slaps you!
You die...

## .#...#.
#...#......
###..##......
##.#####.#...
.....#...... .#
......#....# ..# .
.........##..#
#.........@X...#
.. .......ww#....#
...............#.
...........#.#.##
.#.....∩...#..#..
...........###..#.
.. #####..## .#.
#..# .# ##.#


You could see a tentacled starspawn and 2 starspawn tentacles.

Vanquished Creatures
  Joseph (D:8)
  Maggie (D:8)
  Prince Ribbit (D:6)
  Sigmund (D:6)
  3 hogs (D:8)
  8 yaks
  2 wyverns (D:8)
  Eustachio (D:4)
  A human (D:8)
  4 vampire mosquitoes (D:8)
  Edmund (D:6)
  An orc warrior (D:7)
  3 ice beasts
  4 sky beasts
  3 black bears
  4 centaurs
  A phantom (D:7)
  A kobold brigand (D:7)
  3 bullfrogs
  4 scorpions
  3 wights (D:8)
  A howler monkey (D:5)
  3 hounds
  2 jellies
  2 gnoll boudas
  6 orc priests
  2 sleepcaps
  5 orc wizards
  3 iguanas
  16 gnolls
  7 adders
  3 shadow imps
  A worm (D:5)
  2 dart slugs
  29 orcs
  6 bats
  5 endoplasms
  2 giant cockroaches
  7 goblins
  6 hobgoblins
  7 ball pythons
  A frilled lizard (D:2)
  9 kobolds
  4 rats
180 creatures vanquished.

Notes
Turn   | Place    | Note
-------+----------+-------------------------------------------
     0 | D:1      | Peloso the Minotaur Fighter began the quest for the Orb.
     0 | D:1      | Reached XP level 1. HP: 19/19 MP: 0/0
   208 | D:1      | Reached XP level 2. HP: 27/27 MP: 1/1
   897 | D:2      | Reached XP level 3. HP: 33/33 MP: 2/2
   907 | D:2      | Reached skill level 3 in Long Blades
  1074 | D:2      | Reached XP level 4. HP: 38/41 MP: 3/3
  1327 | D:2      | Reached skill level 4 in Long Blades
  1741 | D:3      | Reached XP level 5. HP: 40/47 MP: 4/4
  1831 | D:3      | Found Cyeluff's Antique Weapon Boutique.
  2296 | D:4      | Reached skill level 5 in Armour
  2296 | D:4      | Reached XP level 6. HP: 24/55 MP: 5/5
  2466 | D:4      | Reached skill level 5 in Fighting
  2466 | D:4      | Reached skill level 5 in Long Blades
  2466 | D:4      | Reached skill level 1 in Dodging
  2470 | D:4      | Identified the +3 leather armour "Peulumui" {Regen+ Dex+3}
  2593 | D:4      | Noticed Eustachio
  2620 | D:4      | Killed Eustachio
  2621 | D:4      | Reached skill level 5 in Shields
  2727 | D:4      | Reached XP level 7. HP: 47/61 MP: 6/6
  3121 | D:5      | Entered Level 5 of the Dungeon
  3195 | D:5      | Reached skill level 6 in Long Blades
  3430 | D:5      | Reached skill level 7 in Long Blades
  3457 | D:5      | Noticed a yak
  3460 | D:5      | Noticed a yak
  3460 | D:5      | Noticed a yak
  3460 | D:5      | Noticed a yak
  3461 | D:5      | Noticed a yak
  3461 | D:5      | Noticed a yak
  3474 | D:5      | Killed a yak
  3475 | D:5      | Reached XP level 8. HP: 29/70 MP: 7/7
  3552 | D:5      | Found a large runed translucent door.
  3553 | D:5      | Found a large runed translucent door.
  3563 | D:5      | Reached skill level 1 in Stealth
  3574 | D:5      | Found a broken altar of Ashenzari.
  3583 | D:5      | Found an ancient bone altar of Kikubaaqudgha.
  3703 | D:5      | Reached skill level 8 in Long Blades
  3739 | D:5      | Reached skill level 9 in Long Blades
  3746 | D:5      | Reached XP level 9. HP: 36/78 MP: 8/8
  3894 | D:3      | Bought a runed long sword for 169 gold pieces
  4088 | D:6      | Noticed Prince Ribbit
  4110 | D:6      | Killed Prince Ribbit
  4111 | D:6      | Reached skill level 10 in Long Blades
  4340 | D:6      | Noticed Sigmund
  4354 | D:6      | Killed Sigmund
  4524 | D:6      | Reached skill level 5 in Dodging
  4679 | D:6      | Noticed Edmund
  4682 | D:6      | Found a staircase to the Ecumenical Temple.
  4691 | D:6      | Killed Edmund
  4698 | Temple   | Entered the Ecumenical Temple
  4705 | Temple   | Became a worshipper of Warmaster Okawaru
  4865 | D:7      | Found Ymoonit's Assorted Antiques.
  4873 | D:7      | Bought a scroll labelled ZEWNONNODIU for 25 gold pieces
  4873 | D:7      | Bought a scroll labelled TALAMU ZEADED for 25 gold pieces
  4873 | D:7      | Bought a shimmering glass ring for 125 gold pieces
  4873 | D:7      | Identified the ring "Ackiciq" {rElec rF+ EV+5} (You bought
                  | it in a shop on level 7 of the Dungeon)
  4969 | D:7      | Reached skill level 11 in Long Blades
  5239 | D:7      | Found a hide-covered altar of Uskayaw.
  5247 | D:7      | Reached * piety under Okawaru
  5478 | D:7      | Found the +7 staff of the Meek {protect, meekguard}
  5589 | D:7      | Reached XP level 10. HP: 88/88 MP: 9/9
  5877 | D:8      | Found a staircase to the Lair.
  5884 | D:8      | Noticed Joseph
  5908 | D:8      | Killed Joseph
  5908 | D:8      | Reached ** piety under Okawaru
  5909 | D:8      | Reached skill level 12 in Long Blades
  5982 | D:8      | Noticed Maggie
  5993 | D:8      | Killed Maggie
  6326 | D:8      | Reached skill level 13 in Long Blades
  6466 | D:8      | Reached *** piety under Okawaru
  7010 | D:9      | Noticed Erolcha
  7140 | Abyss:1  | Cast into level 1 of the Abyss (Erolcha)
  7177 | Abyss:1  | Noticed a tentacled starspawn
  7188 | Abyss:1  | Slain by a tentacled starspawn

Illustrated notes

Levels and vault maps discovered:
D:1:      amcnicky_arrival_abandoned_market, layout_basic,
          hangedman_decor_diamond_cutter, minivault_26, serial_bayou_pond_a
D:2:      layout_rooms
D:3:      layout_basic, serial_shops, shop
D:4:      layout_rooms, uniq_eustachio
D:5:      layout_basic, jmf_multi_god_temple2
D:6:      layout_basic, minmay_temple_entry_nine_rooms, grunt_decor_arrowhead,
          uniq_sigmund, uniq_prince_ribbit1, uniq_edmund
D:7:      layout_basic, lemuel_doored_altar, serial_shops, nicolae_square_shop,
          pf_guarded_unrand_meek
D:8:      layout_basic, david_lair_generic, grunt_livestock,
          kennysheep_decorative_pillar, dreamdust_princess_bridge,
          chequers_serial_rivers_micro_e, uniq_joseph, uniq_maggie
D:9:      layout_roguey, nicolae_gozag_seed_capital, uniq_erolcha, uniq_maurice
Temple:   nicolae_temple_no_exploring_needed
Abyss:1:  base:
D:4

Skill      XL: |  1  2  3  4  5  6  7  8  9 10 |
---------------+-------------------------------+-----
Armour         | 4 5 6 7 |  7.1
Shields        | 4 5 6 7 8 |  8.0
Fighting       | 4 5 6 7 9 |  9.2
Long Blades    | 3 4 5 7 9 11 13 | 13.2
Dodging        | 1 3 4 6 |  6.3
Stealth        | 1 |  1.8

Action                     |  1- 3 |  4- 6 |  7- 9 | 10-12 || total
---------------------------+-------+-------+-------+-------++-------
  Melee: Long sword        |    69 |   126 |   268 |   115 ||   578
         Headbutt          |     6 |    23 |    61 |    31 ||   121
 Invoke: Heroism           |       |       |       |     3 ||     3
    Use: Potion            |     4 |       |       |       ||     4
         Scroll            |     3 |       |     5 |       ||     8
 Armour: Scale mail        |    33 |    48 |       |       ||    81
         Leather armour    |       |     4 |    68 |       ||    72
         Plate armour      |       |       |     1 |    44 ||    45
  Dodge: Dodged            |    39 |    64 |   122 |    72 ||   297
  Block: Buckler           |    15 |    31 |    61 |    27 ||   134
